 Dungeon Crawl Stone Soup version 0.31-a0-521-gc7390f8997 (webtiles) character file.

Game seed: 13714509782480612457

15315 jasper the Fighter (level 12, -13/97 HPs)
             Began as a Demonspawn Shapeshifter on Aug 10, 2023.
             Was a Follower of Uskayaw.
             Killed from afar by a deep elf pyromancer (31 damage)
             ... with a bolt of fire
             ... on level 12 of the Dungeon.
             The game lasted 00:25:37 (13141 turns).

jasper the Fighter (Demonspawn Shapeshifter)       Turns: 13141, Time: 00:25:37

Health: -13/97     AC:  9    Str: 16    XL:     12   Next: 0%
Magic:  12/12      EV: 18    Int:  9    God:    Uskayaw [*.....]
Gold:   1175       SH:  0    Dex: 19    Spells: 11/11 levels left

rFire   . .          .
                       - Unarmed
rCold   . . .        (no shield)
rNeg    . . .        i - +0 ring mail
rPois   .            (helmet currently unavailable)
rElec   .            (cloak currently unavailable)
rCorr   .            v - melded +0 pair of gloves
SInv    .            (boots currently unavailable)
Will    .....        (no amulet)
Stlth   +            p - +5 ring of evasion
HPRegen 0.36/turn    E - +4 ring of protection
MPRegen 0.13/turn

%: no passive effects
@: beast-form, studying Long Blades
A: beast (slay +3), antennae 2, demonic guardian 1, icemail 2, condensation
shield
a: Begin Untransformation, Renounce Religion, Stomp


You were on level 12 of the Dungeon.
You worshipped Uskayaw.
Uskayaw was noncommittal.
You were a hulking beast.
You visited 3 branches of the dungeon, and saw 14 of its levels.

You collected 1175 gold pieces.

Inventory:

Hand Weapons
 u - a +1 whip of holy wrath
Missiles
 b - a curare-tipped dart
 e - 14 boomerangs
 j - 34 poisoned darts (quivered)
 m - 97 stones
 M - a throwing net
Armour
 a - a +0 animal skin
 h - a +0 chain mail
 i - a +0 ring mail (worn)
 k - the +0 robe of Duihenint {rF+ Dex+6}
   (You found it on level 8 of the Dungeon)

   Dex+6:     It affects your dexterity (+6).
   rF+:       It protects you from fire.
 l - a +2 robe of positive energy
 v - a +0 pair of gloves (melded)
 z - +0 steam dragon scales
 B - a +2 ring mail of fire resistance
 F - a +1 kite shield
 I - the orb of Lies {light, Dex+3}
   (You found it on level 8 of the Dungeon)

   Dex+3:     It affects your dexterity (+3).
 J - a +2 robe of resistance
Jewellery
 p - a +5 ring of evasion (left hand)
 r - the ring of Utanac {Fly Dex+4 Stlth-}
   (You took it off a hobgoblin on level 3 of the Dungeon)

   [ring of flight]

   Dex+4:     It affects your dexterity (+4).
   Fly:       It grants you flight.
   Stlth-:    It makes you less stealthy.
 w - a ring of magical power
 E - a +4 ring of protection (right hand)
 G - a ring of flight
 H - a ring of positive energy
 L - a +4 ring of protection
Talismans
 c - a beast talisman (active)
 d - a flux talisman
 x - a maw talisman
 D - a serpent talisman
 Q - a storm talisman
Wands
 y - a wand of paralysis (9)
 O - a wand of polymorph (8)
Scrolls
 n - a scroll of enchant weapon
 o - 6 scrolls of vulnerability
 s - a scroll of silence
 t - a scroll of acquirement {unknown}
 C - a scroll of enchant armour
 K - 2 scrolls of torment
 P - a scroll of amnesia
Potions
 f - a potion of magic
 g - 2 potions of curing
 q - a potion of attraction
 A - 2 potions of brilliance
 N - a potion of haste


   Skills:
 + Level 9.7(5.7) Fighting
 + Level 8.9(4.9) Dodging
 + Level 9.1(5.1) Unarmed Combat
 - Level 9.0(5.0) Shapeshifting


You had 11 spell levels left.
You didn't know any spells.
Your spell library contained the following spells:

 Spells                   Type           Power      Damage    Failure   Level
 Apportation              Tloc           0%         N/A       61%         1
 Necrotise                Necr           0%         1d4       61%         1
 Sandblast                Erth           0%         2d4       61%         1
 Summon Small Mammal      Summ           0%         N/A       61%         1
 Ensorcelled Hibernation  Hex/Ice        0%         N/A       75%         2
 Passwall                 Tmut/Erth      0%         N/A       75%         2
 Call Canine Familiar     Summ           0%         N/A       93%         3
 Stone Arrow              Conj/Erth      0%         3d7       93%         3
 Summon Guardian Golem    Hex/Summ       0%         N/A       93%         3
 Anguish                  Hex/Necr       0%         N/A       100%        4
 Animate Armour           Summ/Erth      0%         N/A       100%        4
 Alistair's Intoxication  Tmut/Pois      0%         N/A       100%        5
 Iskenderun's Battlesphe  Conj           0%         2d6       100%        5
 Leda's Unmaking          Conj/Erth      0%         9d1       100%        6
 Spellforged Servitor     Conj/Summ      0%         N/A       100%        7
 Lehudib's Crystal Spear  Conj/Erth      0%         10d2      100%        8


Dungeon Overview and Level Annotations

Branches:
Dungeon (12/15)            Temple (1/1) D:5            Lair (1/5) D:8
    Orc (0/2) D:10

Altars:
Ashenzari
Cheibriados
Dithmenos
Fedhas
Gozag
Hepliaklqana
Kikubaaqudgha
Makhleb
Nemelex Xobeh
Qazlal
Ru
Sif Muna
Trog
Uskayaw
Vehumet
Wu Jian
Xom
Yredelemnul

Shops:
D:2 (=   D:11 ?

Annotations:
D:6 1 runed translucent door
D:11 Snorg


Innate Abilities, Weirdness & Mutations

You are a hulking beast.
Your limbs bulge with bestial killing power. (Slay +3)
You have a pair of antennae on your head.
A weak demonic guardian rushes to your aid.
A meltable icy envelope protects you from harm. (AC +0)
A meltable shield of frost defends you. (SH +0)


Message History

Your icy defences dissipate!
The fire elemental hits you. The fire elemental burns you!
The deep elf pyromancer closely misses you.
You take 11 damage, and have 86/97 hp.
You hit the deep elf pyromancer.
The deep elf pyromancer is severely wounded.
The fire elemental completely misses you. x3
The deep elf pyromancer completely misses you.
You hit the deep elf pyromancer.
The deep elf pyromancer is severely wounded.
The fire elemental hits you. The fire elemental burns you!
The fire elemental hits you. The fire elemental burns you!
A demonic guardian appears!
The fire elemental hits you. The fire elemental burns you!
You take 30 damage, and have 56/97 hp.
MASSIVE DAMAGE!!
You closely miss the deep elf pyromancer.
The deep elf pyromancer is severely wounded.
The fire elemental hits you. The fire elemental burns you!
The deep elf pyromancer hits you with a +0 long sword.
The fire elemental misses you. The fire elemental closely misses you.
You take 17 damage, and have 39/97 hp.
You barely miss the deep elf pyromancer.
The deep elf pyromancer is severely wounded.
The fire elemental hits you. The fire elemental burns you!
* * * LOW HITPOINT WARNING * * *
The fire elemental misses you.
Your orange demon stings the fire elemental from afar.
The fire elemental completely misses you.
The deep elf pyromancer closely misses you.
The fire elemental barely misses you.
You take 12 damage, and have 27/97 hp.
You punch the deep elf pyromancer!
The deep elf pyromancer is almost dead.
The fire elemental hits you. The fire elemental burns you!
* * * LOW HITPOINT WARNING * * *
The fire elemental completely misses you.
Your orange demon stings the fire elemental from afar!
The deep elf pyromancer points at you and mumbles some strange words.
The bolt of fire hits you!!
You die...

...#########...
.....................
.............. ......
...........# #...#
...........#####...#
.......%...........#####
........................
...########....eE.......
...########....EhE......
........................
.................4......
........................
...............?........
...................)....
........................
........................
..................


You could see a deep elf pyromancer, 3 fire elementals and a friendly orange
demon (summoned).

Vanquished Creatures
  A hydra (D:11)
  Harold (D:10)
  2 two-headed ogres
  A death yak (D:8)
  2 manticores
  Psyche (D:10)
  3 trolls
  2 polar bears (D:8)
  A hornet (D:9)
  Grinder (D:4)
  2 wraiths
  Sigmund (D:5)
  7 yaks
  A shadow (D:9)
  A hog (D:8)
  3 wyverns
  3 steam dragons
  Duvessa (D:4)
  An acid dragon (D:10)
  A water moccasin (D:9)
  6 orc warriors
  A sky beast (D:8)
  7 black bears
  10 ogres
  3 centaurs
  2 wolves (D:8)
  4 phantoms
  5 bullfrogs
  6 kobold brigands
  2 gnoll sergeants
  8 scorpions
  10 wights
  Dowan (D:4)
  4 killer bees (D:9)
  2 howler monkeys
  3 jellies
  2 orc priests
  2 hounds
  Jessica (D:2)
  4 iguanas
  A sleepcap (D:6)
  Ijyb (D:4)
  Natasha (twice) (D:2)
  4 orc wizards
  Robin (D:2)
  32 gnolls
  7 adders
  2 shadow imps (D:6)
  2 ufetubi (D:6)
  2 worms
  4 dart slugs
  29 orcs
  4 bats
  4 endoplasms
  4 giant cockroaches
  37 goblins
  29 hobgoblins
  14 jackals
  18 kobolds
  3 quokkas
  8 ball pythons
  2 frilled lizards (D:1)
  3 rats
  2 butterflies (D:6)
334 creatures vanquished.

Vanquished Creatures (collateral kills)
  Lodul (D:12)
  A wraith (D:10)
  5 ogres (D:12)
  A wight (D:5)
  A gnoll (D:5)
  A hobgoblin (D:3)
10 creatures vanquished.

Grand Total: 344 creatures vanquished

Notes
Turn   | Place    | Note
-------+----------+-------------------------------------------
     0 | D:1      | jasper the Demonspawn Shapeshifter began the quest for the
                  | Orb.
     0 | D:1      | Reached XP level 1. HP: 15/15 MP: 1/1
   186 | D:1      | Gained mutation: A meltable shield of frost defends you.
                  | (SH +0) [demonic ancestry]
   186 | D:1      | Reached XP level 2. HP: 17/21 MP: 2/2
  1115 | D:2      | Gained mutation: You have a pair of small antennae on your
                  | head. [demonic ancestry]
  1115 | D:2      | Reached XP level 3. HP: 26/26 MP: 3/3
  1166 | D:2      | Noticed Robin
  1298 | D:2      | Killed Robin
  1371 | D:2      | Noticed Jessica
  1380 | D:2      | Noticed Natasha
  1386 | D:2      | Killed Jessica
  1387 | D:2      | Gained mutation: A meltable icy envelope protects you from
                  | harm. (AC +0) [demonic ancestry]
  1387 | D:2      | Reached XP level 4. HP: 11/32 MP: 4/4
  1389 | D:2      | Killed Natasha
  1600 | D:2      | Found Ipittan's Weapon Boutique.
  1645 | D:2      | Found Ginwec's Jewellery Boutique.
  1766 | D:2      | Noticed Natasha
  1782 | D:2      | Killed Natasha
  1783 | D:2      | Gained mutation: A weak demonic guardian rushes to your
                  | aid. [demonic ancestry]
  1783 | D:2      | Reached XP level 5. HP: 29/37 MP: 5/5
  2093 | D:3      | Identified the ring of Utanac {Fly Dex+4 Stlth-}
  2223 | D:3      | Reached skill level 5 in Shapeshifting
  2536 | D:3      | Gained mutation: You have a pair of antennae on your head.
                  | [demonic ancestry]
  2536 | D:3      | Reached XP level 6. HP: 43/43 MP: 6/6
  3399 | D:4      | Noticed Duvessa
  3399 | D:4      | Noticed Dowan
  3419 | D:4      | Killed Duvessa
  3427 | D:4      | Killed Dowan
  3482 | D:4      | Gained mutation: A meltable icy envelope protects you from
                  | harm. (AC +0) [demonic ancestry]
  3482 | D:4      | Reached XP level 7. HP: 48/48 MP: 7/7
  3580 | D:4      | Noticed Ijyb
  3586 | D:4      | Killed Ijyb
  3922 | D:4      | Noticed Grinder
  3933 | D:4      | Killed Grinder
  4734 | D:5      | Entered Level 5 of the Dungeon
  4764 | D:5      | Reached XP level 8. HP: 50/54 MP: 8/8
  4958 | D:5      | Noticed Sigmund
  4973 | D:5      | Killed Sigmund
  5655 | D:5      | Found a staircase to the Ecumenical Temple.
  5825 | Temple   | Entered the Ecumenical Temple
  5977 | D:6      | Reached XP level 9. HP: 60/62 MP: 9/9
  6125 | D:6      | Found an opulent altar of Gozag.
  6281 | D:6      | Found a runed translucent door.
  6283 | D:6      | Found a runed translucent door.
  7411 | D:7      | Reached skill level 5 in Unarmed Combat
  7764 | D:7      | Reached skill level 5 in Fighting
  8009 | D:8      | Reached skill level 5 in Dodging
  8135 | D:8      | Found a runed translucent gate.
  8135 | D:8      | Found a runed translucent gate.
  8135 | D:8      | Found a runed translucent gate.
  8135 | D:8      | Noticed a manticore
  8135 | D:8      | Noticed a polar bear
  8135 | D:8      | Noticed a polar bear
  8136 | D:8      | Noticed a death yak
  8155 | D:8      | Reached XP level 10. HP: 74/74 MP: 10/10
  8160 | D:8      | Found a staircase to the Lair.
  8223 | D:8      | Identified the orb of Lies {light, Dex+3}
  8338 | D:8      | Found a broken altar of Ashenzari.
  8458 | D:8      | Became a worshipper of Ashenzari the Shackled
  8712 | D:8      | Killed a death yak
  8755 | D:8      | Killed a manticore
  8779 | D:8      | Identified the +0 robe of Duihenint {rF+ Dex+6}
  8850 | Lair:1   | Entered Level 1 of the Lair of Beasts
  8951 | D:9      | Found a radiant altar of Vehumet.
  9415 | D:9      | Reached XP level 11. HP: 85/85 MP: 11/11
  9424 | D:9      | Paralysed by a hornet for 1 turns
  9464 | D:9      | Noticed a green ugly thing
  9508 | D:8      | Identified the cursed +0 pair of boots "Tethered
                  | Polytheism" {Self, Alch} (You found it on level 4 of the
                  | Dungeon)
  9794 | Temple   | Fell from the grace of Ashenzari
  9794 | Temple   | Became a worshipper of Uskayaw the Reveller
  9936 | D:9      | Reached * piety under Uskayaw
 10121 | D:9      | Reached ** piety under Uskayaw
 10124 | D:9      | Reached *** piety under Uskayaw
 10426 | D:9      | Found a basalt altar of Yredelemnul.
 10642 | D:9      | Found an ancient bone altar of Kikubaaqudgha.
 10643 | D:9      | Found a bloodstained altar of Trog.
 10667 | D:10     | Entered Level 10 of the Dungeon
 10667 | D:10     | Found a shadowy altar of Dithmenos.
 10724 | D:10     | Found a staircase to the Orcish Mines.
 10741 | D:10     | Reached **** piety under Uskayaw
 10744 | D:10     | Reached ***** piety under Uskayaw
 10759 | D:10     | Reached ****** piety under Uskayaw
 11210 | D:10     | Noticed Harold
 11257 | D:10     | Killed Harold
 11591 | D:10     | Noticed Psyche
 11606 | D:10     | Killed Psyche
 12037 | D:11     | Noticed an eight-headed hydra
 12057 | D:11     | Killed an eight-headed hydra
 12319 | D:11     | Noticed a two-headed ogre
 12326 | D:11     | Noticed Snorg
 12380 | D:11     | Killed a two-headed ogre
 12385 | D:11     | Found Ecvumn's Magic Scroll Boutique.
 12519 | D:12     | Noticed a two-headed ogre
 12532 | D:12     | Killed a two-headed ogre
 12548 | D:12     | Noticed Lodul
 12586 | D:12     | Killed Lodul
 13063 | D:12     | Reached XP level 12. HP: 85/97 MP: 12/12
 13141 | D:12     | Killed from afar by a deep elf pyromancer

Illustrated notes

Levels and vault maps discovered:
D:1:      elethiomel_arrival_quiet, layout_loops_ring, kennysheep_flooded_box
D:2:      layout_rooms, serial_shops, shop, nicolae_shop_bloodbath_and_beyond,
          guppyfry_early_lair_pool, uniq_robin, uniq_natasha, uniq_jessica
D:3:      minmay_goblin_kobold_castle, layout_basic, grunt_ministairs_9,
          hex_intersection, nicolae_titane
D:4:      minmay_octagon_keep, layout_loops_corners, serial_forest,
          infiniplex_forest_clump_double, infiniplex_forest_clump_diagonal,
          infiniplex_forest_clump_C, infiniplex_forest_straight_3, uniq_grinder,
          uniq_ijyb, uniq_duvessa
D:5:      layout_cave_pods, minmay_temple_entry_statues_fountains, uniq_sigmund
D:6:      lemuel_insect_pit, layout_loops_ring,
          grunt_temple_overflow_gold_and_silver
D:7:      layout_cave_pods
D:8:      lemuel_bear_cage, layout_basic, evilmike_ruin_ashenzari,
          grunt_lair_entry_orc_guard_hut
D:9:      layout_loops_ring, nicolae_overflow_hidden_temple,
          fiery_altar_vehumet, gammafunk_temple_overflow_wave, minmay_bent
D:10:     layout_irregular_city, mainiacjoe_overflow_alcove_1,
          kennysheep_orc_monster_closet_entryway, uniq_psyche, uniq_harold
D:11:     layout_layer_cave, serial_shops, shop, uniq_snorg
D:12:     layout_long_grid, uniq_nergalle, uniq_lodul
Temple:   oiseaux_autumnal_temple
Lair:1:   layout_loops_ring, basic_altar, serial_bayou_shore_a,
          infiniplex_staircase_pool_2, uniq_joseph, uniq_amaemon

Skill      XL: |  1  2  3  4  5  6  7  8  9 10 11 |
---------------+----------------------------------+-----
Shapeshifting  | 3 4 5 6 7 9 |  9.0
Dodging        | 2 5 7 8 |  8.9
Unarmed Combat | 3 5 7 9 |  9.1
Fighting       | 2 5 7 9 |  9.7

Action                     |  1- 3 |  4- 6 |  7- 9 | 10-12 || total
---------------------------+-------+-------+-------+-------++-------
  Melee: Unarmed           |   131 |   242 |   397 |   571 ||  1341
         Punch             |     1 |     6 |       |    30 ||    37
         Constrict         |       |       |    42 |    32 ||    74
  Throw: Boomerang         |     2 |    47 |       |     3 ||    52
         Stone             |     2 |       |       |       ||     2
         Dart              |       |       |       |    22 ||    22
         Throwing net      |       |       |       |     1 ||     1
 Invoke: Curse Item        |       |       |       |     1 ||     1
Ability: Begin Untransform |       |       |       |     1 ||     1
  Evoke: Wand              |       |       |     8 |    41 ||    49
    Use: Scroll            |     5 |     4 |     4 |     9 ||    22
         Potion            |     1 |     1 |     1 |     7 ||    10
   Stab: Invisible         |       |       |       |     6 ||     6
         Sleeping          |       |       |       |     2 ||     2
         Paralysed         |       |       |       |    56 ||    56
         Held in net/web   |       |       |       |     1 ||     1
 Armour: Chain mail        |     3 |       |       |       ||     3
         Ring mail         |    45 |    60 |    62 |   170 ||   337
         Animal skin       |     1 |       |       |       ||     1
         Skin              |       |    16 |    50 |    66 ||   132
  Dodge: Dodged            |    66 |   180 |   287 |   492 ||  1025
  Block: Other             |    20 |    41 |    56 |    81 ||   198
   Form: Flux              |       |     1 |       |       ||     1
         Anaconda          |       |       |     1 |       ||     1
         Beast             |       |       |       |     1 ||     1

Table legend: (Time is in decaauts)
 A = Elapsed time spent in this place.
 B = Non-inter-level travel time spent in this place.
 C = Inter-level travel time spent in this place.
 D = Time resting spent in this place.
 E = Time spent auto-exploring this place.
 F = Levels seen in this place.
 G = Mean time per level.
                   A        B        C        D        E       F      G
               +--------+--------+--------+--------+--------+-----+--------+
         Total |  13132 |  12405 |    727 |    688 |   8750 |  14 |  938.0 |
       Dungeon |  13071 |  12402 |    669 |    688 |   8750 |  12 | 1089.2 |
        Temple |     59 |      2 |     57 |      0 |      0 |   1 |   59.0 |
          Lair |      1 |      1 |      0 |      0 |      0 |   1 |    1.0 |
               +--------+--------+--------+--------+--------+-----+--------+

Top non-repeatable levels by time:
     D:3: 1451 daAuts
     D:4: 1378 daAuts
     D:9: 1329 daAuts
     D:8: 1265 daAuts
    D:10: 1262 daAuts
     D:5: 1249 daAuts
     D:1: 1177 daAuts
     D:6: 1060 daAuts
     D:7: 974 daAuts
     D:2: 735 daAuts
    D:12: 632 daAuts
    D:11: 555 daAuts
  Temple: 59 daAuts
  Lair:1: 1 daAuts
